Match 45846051
Unlisted

Match 45846051
End
Construct Barracks
1⁄4-ton 4x4 Truck
1⁄4-ton 4x4 Truck
Riflemen Squad
Selects Airborne Battlegroup
Selects Heavy Machine Gun Paradrop
Selects Paratrooper Squad Paradrop
Paratrooper Squad Paradrop
Engineer Squad
Heavy Machine Gun Paradrop
Paratrooper Squad Paradrop
Construct Medical Station
Air Support Center
P-47 Strafing Run
Construct Motor Pool
Grenade Package
M1 Anti-tank Gun Team
Selects Smoke Bombing Run
Selects Supply Drop
P-47 Strafing Run
Heavy Machine Gun Paradrop
Grasshopper Recon Run
P-47 Dive Bomb
Engineer Squad
Grasshopper Recon Run
Double Sortie
Selects Anti-tank Gun Team Paradrop
Selects Dual P-47 Rocket Strike
P-47 Strafing Run
Supply Drop
Grasshopper Recon Run
Dual P-47 Rocket Strike
Selects Anti-tank Gun Team Paradrop
Anti-tank Gun Team Paradrop
Supply Drop
Grasshopper Recon Run
Dual P-47 Rocket Strike
P-47 Dive Bomb
Construct Tank Depot
P-47 Strafing Run
M18 Hellcat Tank Destroyer
M4(105) Sherman Bulldozer
Supply Drop
Grasshopper Recon Run
Dual P-47 Rocket Strike
thecrazycowboygeneral
Adult Asthma Is A Choice
Not Emily Willis™
BananaInPajamas
ndydfeixing
TheTableau
0
0

Comments sign in to comment!

No comments posted yet!